 Dungeon Crawl Stone Soup version 0.18.1-48-g4cf74bf (webtiles) character file.

678 Heedrag the Thaumaturge (level 7, -1/36 HPs)
             Began as a Deep Elf Conjurer on July 23, 2016.
             Slain by a sky beast (4 damage)
             ... on level 5 of the Dungeon.
             The game lasted 00:09:42 (4068 turns).

Heedrag the Thaumaturge (Deep Elf Conjurer)         Turns: 4068, Time: 00:09:43

Health: -1/36      AC:  2    Str: 10    XL:     7   Next: 34%
Magic:  4/23       EV: 13    Int: 20    God:
Gold:   236        SH:  0    Dex: 15    Spells: 3 memorised, 19 levels left

rFire  . . .     SeeInvis .     n - +1 rapier (venom)
rCold  . . .     Gourm    .     a - +0 robe
rNeg   . . .     Faith    .     (no shield)
rPois  .         Spirit   .     (no helmet)
rElec  .         Dismiss  .     (no cloak)
rCorr  .         Reflect  .     (no gloves)
SustAt .         Harm     .     (no boots)
MR     .....                    (no amulet)
Stlth  ++........               (no ring)
                                x - +3 ring of strength

@: very slightly contaminated, not resistant to hostile enchantments, unstealthy
A: no striking features
a: no special abilities


You were on level 5 of the Dungeon.
You were very hungry.

You visited 2 branches of the dungeon, and saw 6 of its levels.

You collected 236 gold pieces.

Inventory:

Hand Weapons
 m - a +0 dagger
 n - a +1 rapier of venom (weapon)
Armour
 a - a +0 robe (worn)
Jewellery
 x - a +3 ring of strength (left hand)
Wands
 o - a wand of lightning (6/15)
 y - a wand of lightning (9/15)
Scrolls
 f - 2 scrolls of amnesia {unknown}
 i - 4 scrolls of identify {unknown}
 j - a scroll of remove curse {unknown}
 l - a scroll of enchant armour {unknown}
 p - a scroll of noise {unknown}
 u - a scroll of magic mapping {unknown}
 w - 2 scrolls of teleportation {unknown}
 A - a scroll of immolation {unknown}
 D - a scroll of blinking {unknown}
Potions
 e - 2 potions of berserk rage {unknown}
 g - 2 potions of degeneration {unknown}
 h - 2 potions of resistance {unknown}
 q - a potion of curing
 r - 4 potions of lignification {unknown}
 s - a potion of might {unknown}
 t - a potion of agility {unknown}
 v - 2 potions of invisibility {unknown}
 z - 2 potions of haste {unknown}
 C - a potion of flight {unknown}
Books
 b - a book of Conjurations

   Spells                             Type                      Level
   a - Magic Dart                     Conjuration                  1
   b - Searing Ray                    Conjuration                  2
   c - Dazzling Spray                 Conjuration/Hexes            3
   d - Fulminant Prism                Conjuration/Hexes            4
   e - Iskenderun's Mystic Blast      Conjuration                  4
   f - Iskenderun's Battlesphere      Conjuration/Charms           5
 B - a book of Frost

   Spells                             Type                      Level
   a - Freeze                         Ice                          1
   b - Throw Frost                    Conjuration/Ice              2
   c - Ozocubu's Armour               Charms/Ice                   3
   d - Throw Icicle                   Conjuration/Ice              4
   e - Summon Ice Beast               Ice/Summoning                4
Comestibles
 c - 4 bread rations
 d - a beef jerky
 k - 4 meat rations


   Skills:
 - Level 2.4 Dodging
 - Level 2.4 Stealth
 * Level 10.8 Spellcasting
 - Level 4.3 Conjurations


You had 19 spell levels left.
You knew the following spells:

 Your Spells              Type           Power        Failure   Level  Hunger
a - Magic Dart            Conj           ####         1%          1    None
b - Dazzling Spray        Conj/Hex       ###...       10%         3    None
c - Iskenderun's Mystic   Conj           ####....     12%         4    ##.....


Dungeon Overview and Level Annotations

Branches:
Dungeon (5/15)             Temple (1/1) D:5

Altars:
Ashenzari
Cheibriados
Dithmenos
Elyvilon
Fedhas
Gozag
Kikubaaqudgha
Makhleb
Nemelex Xobeh
Okawaru
Qazlal
Ru
Sif Muna
Trog
Vehumet
Xom
Yredelemnul
Zin
The Shining One

Annotations:
D:4 Blork the orc


Message History

Aim: a sky beast (severely wounded, blind) Tha spray o' energy misses tha sky beast.
Tha sky beast misses ye.
Castin': Dazzlin' Spray Confirm wit' . or Enter, or press ? or * ta list all spells.
Aimin': Magic Dart
Press: ? - help, Shift-Dir - straight line, f/p - sky beast
Aim: a sky beast (severely wounded, blind) Tha magic dart hits tha sky beast.
Tha sky beast be severely wounded.
Tha sky beast flickers outta sight!
Somethin' hits ye.
* * * LOW HITPOINT WARNIN'
* * * Somethin' shocks ye.
* * * LOW HITPOINT WARNIN'
* * * Castin': Magic Dart Confirm wit' . or Enter, or press ? or * ta list all spells.
Ye cannae see any susceptible monsters within range! (Use Z ta cast anyway.) Unknown command.
Ye miss somethin'.
Somethin' barely misses ye.
Somethin' hits ye.
Ye die...

##..## ..## #...
##..# #..####...
#..# ........
#..# #.....# #..#
####.)...# ##..#
#8##.....# ##..##
#>.......## #...#
#8..###...##..#
#...####..##
##@.....#
##.......##
#{.....#
##......#
##(..###
#......## ##.###
##.......####...#
#<.####.........#
##.## ##.........
##..# ##...####.
#..## ##....#


There were no monsters in sight!

Vanquished Creatures
  Menkaure (D:4)
  A sky beast (D:5)
  An ogre (D:5)
  An orc priest (D:4)
  3 orc wizards (D:4)
  A centaur skeleton (D:3)
  2 worker ants
  An iguana (D:4)
  A hound skeleton (D:5)
  5 adders
  A shadow imp (D:5)
  An ooze (D:2)
  An adder skeleton (D:4)
  4 worms (D:2)
  2 dart slugs (D:2)
  5 giant geckos
  3 orcs (D:4)
  A ball python (D:4)
  6 bats
  4 giant cockroaches
  6 goblins
  8 hobgoblins
  8 jackals
  A quokka (D:5)
  6 giant newts
  8 kobolds
  5 rats
87 creatures vanquished.

Notes
Turn   | Place    | Note
--------------------------------------------------------------
     0 | D:1      | Heedrag the Deep Elf Conjurer began the quest for the Orb.
     0 | D:1      | Reached XP level 1. HP: 10/10 MP: 6/6
   465 | D:1      | Reached XP level 2. HP: 15/15 MP: 5/8
   650 | D:1      | Reached skill level 4 in Spellcasting
  1176 | D:2      | Reached XP level 3. HP: 19/19 MP: 2/11
  1218 | D:2      | Reached skill level 5 in Spellcasting
  1286 | D:2      | Found a shattered altar of Ashenzari.
  1613 | D:2      | Reached XP level 4. HP: 24/24 MP: 10/13
  1637 | D:2      | Learned a level 3 spell: Dazzling Spray
  1642 | D:2      | Learned a level 4 spell: Iskenderun's Mystic Blast
  1733 | D:2      | Reached skill level 6 in Spellcasting
  2369 | D:3      | Reached skill level 7 in Spellcasting
  2369 | D:3      | Reached XP level 5. HP: 8/28 MP: 7/16
  2790 | D:4      | Reached skill level 8 in Spellcasting
  2964 | D:4      | Reached XP level 6. HP: 16/32 MP: 3/19
  3246 | D:4      | Noticed Menkaure
  3253 | D:4      | Killed Menkaure
  3253 | D:4      | Reached skill level 9 in Spellcasting
  3466 | D:4      | Noticed Blork the orc
  3502 | D:5      | Entered Level 5 of the Dungeon
  3684 | D:5      | Reached skill level 10 in Spellcasting
  3684 | D:5      | Reached XP level 7. HP: 36/36 MP: 0/22
  3991 | D:5      | Found a staircase to the Ecumenical Temple.
  4034 | Temple   | Entered the Ecumenical Temple
  4068 | D:5      | Slain by a sky beast

Skill      XL: |  1  2  3  4  5  6 |
---------------+-------------------+-----
Spellcasting   | 4 5 7 8 10 | 10.8
Dodging        | |  2.4
Stealth        | |  2.4
Conjurations   | |  4.3

Action                   |  1- 3 |  4- 6 |  7- 9 || total
-------------------------+-------+-------+-------++-------
Melee: Rapier            |     3 |    23 |     7 ||    33
 Cast: Magic Dart        |    84 |   105 |    13 ||   202
       Dazzling Spray    |       |    24 |     7 ||    31
  Eat: Chunk             |     2 |     6 |       ||     8
Armor: Robe              |       |    10 |     2 ||    12
Dodge: Dodged            |    13 |    30 |    10 ||    53
